 Dungeon Crawl Stone Soup version 0.29.1-4-g47bece8355 (webtiles) character file.

Game seed: 10925445945570736833

169 fantasyman the Covered (level 5, -6/42 HPs)
             Began as a Formicid Fighter on Dec 5, 2022.
             Mangled by an ogre
             ... wielding a +0 giant club
              (20 damage)
             ... on level 4 of the Dungeon.
             The game lasted 00:03:31 (4768 turns).

fantasyman the Covered (Formicid Fighter)           Turns: 4768, Time: 00:03:31

Health: -6/42      AC:  9    Str: 22    XL:     5   Next: 79%
Magic:  5/5        EV: 10    Int:  8    God:
Gold:   193        SH:  5    Dex: 13    Spells: 4/4 levels left

rFire   . . .      SeeInvis +   a - +0 long sword
rCold   . . .      Faith    .   c - +0 buckler
rNeg    . . .      Spirit   .   b - +0 scale mail
rPois   .          Reflect  .   (helmet unavailable)
rElec   .          Harm     .   (no cloak)
rCorr   .          Rampage  .   (no gloves)
Will    .....                   p - +1 pair of boots
Stlth   +.........              (no amulet)
HPRegen 0.14/turn               (no ring)
MPRegen 0.09/turn               (no ring)

@: mighty
A: permanent stasis, dig shafts and tunnels, antennae 3, four strong arms
a: Dig, Shaft Self


You were on level 4 of the Dungeon.
You visited 1 branch of the dungeon, and saw 4 of its levels.

You collected 193 gold pieces.

Inventory:

Hand Weapons
 a - a +0 long sword (weapon)
Armour
 b - a +0 scale mail (worn)
 c - a +0 buckler (worn)
 p - a +1 pair of boots (worn)
Scrolls
 e - 2 scrolls of poison
 g - 2 scrolls of identify
 l - a scroll of summoning {unknown}
Potions
 d - 3 potions of might
 f - a potion of lignification
 h - a potion of haste
 i - 2 potions of mutation {unknown}
 j - 2 potions of cancellation {unknown}
 k - a potion of curing {unknown}
 m - 2 potions of degeneration {unknown}
 n - a potion of heal wounds {unknown}
 o - 3 potions of attraction {unknown}
 q - a potion of brilliance {unknown}
 r - a potion of resistance {unknown}
 s - a potion of flight {unknown}


   Skills:
 * Level 4.1 Fighting
 - Level 2.1 Long Blades
 * Level 5.0 Armour
 * Level 1.2 Dodging
 * Level 1.9 Stealth
 + Level 4.5 Shields


You had 4 spell levels left.
You didn't know any spells.
Your spell library contained the following spells:

 Spells                   Type           Power      Damage    Failure   Level
 Magic Dart               Conj           0%         1d3       80%         1
 Sandblast                Erth           0%         2d4       80%         1
 Passwall                 Tmut/Erth      0%         N/A       90%         2
 Searing Ray              Conj           0%         2d4       90%         2
 Conjure Flame            Conj/Fire      0%         6-21      99%         3
 Ignite Poison            Fire/Tmut/Pois 0%         N/A       99%         3
 Stone Arrow              Conj/Erth      0%         3d7       99%         3
 Fulminant Prism          Conj/Hex       0%         3d6       100%        4
 Sticky Flame             Conj/Fire      0%         2d3       100%        4
 Conjure Ball Lightning   Conj/Air       0%         3x3d6     100%        6
 Discord                  Hex            0%         N/A       100%        8
 Disjunction              Tloc           0%         N/A       100%        8


Dungeon Overview and Level Annotations

Branches:
Dungeon (4/15)
 Temple: D:4-7

Altars:
Yredelemnul


Innate Abilities, Weirdness & Mutations

You cannot be hasted, slowed, berserked, paralysed or teleported.
You can dig through walls and to a lower floor.
You have a pair of large antennae on your head. (SInv)
Your four strong arms can wield two-handed weapons with a shield.


Message History

You barely miss the goblin. The goblin barely misses you.
The goblin hits you but does no damage.
There are monsters nearby!
You closely miss the goblin. The goblin hits you but does no damage.
The goblin closely misses you.
Unknown command.
You hit the goblin.
You kill the goblin!
The goblin hits you but does no damage. You block the goblin's attack.
You see here a +0 club.
The goblin attacks as you move away! You block the goblin's attack.
You hit the goblin.
The goblin is severely wounded.
The goblin hits you but does no damage.
You barely miss the goblin.
The goblin is severely wounded.
The goblin closely misses you. The goblin hits you with a +0 club.
You hit the goblin.
You kill the goblin!
You hit the goblin.
You kill the goblin!
The goblin hits you but does no damage.
Things that are here:
a +0 club; a +0 club; a goblin corpse You closely miss the goblin.
The goblin hits you but does no damage. The goblin barely misses you.
You feel very mighty all of a sudden. The goblin hits you with a +0 dagger.
You barely miss the goblin. You block the goblin's attack.
You slash the goblin!
You kill the goblin!
You slash the ogre!
The ogre is moderately wounded.
The ogre hits you with a +0 giant club!!
Ouch! That really hurt!
You slash the ogre!
The ogre is severely wounded.
The ogre hits you with a +0 giant club!!
You die...

## .# .# .###
#########
##.###.##....#
........#....# ###
.###.##......###.#
......#.#####....#
##.##...# ###.##@#
....#.#.###...##O#
.##...#..##.####g#
..#.#.#.##..# #g#
♣...#...##.## ##g#
..#.#.#.##.# #..#
.##...#....# #..#
....#.#.##.#####.#
##.##...####..{#)#


You could see an ogre and 3 goblins.

Vanquished Creatures
  An iguana (D:4)
  A gnoll (D:1)
  5 adders
  An ufetubus (D:4)
  3 dart slugs
  5 orcs (D:4)
  9 ball pythons
  9 endoplasms
  2 giant cockroaches
  11 goblins
  3 hobgoblins
  2 jackals (D:3)
  2 quokkas
  2 bats (D:2)
  4 frilled lizards
  7 kobolds
  6 rats
73 creatures vanquished.

Notes
Turn   | Place    | Note
-------+----------+-------------------------------------------
     0 | D:1      | fantasyman the Formicid Fighter began the quest for the
                  | Orb.
     0 | D:1      | Reached XP level 1. HP: 18/18 MP: 1/1
   351 | D:1      | Reached XP level 2. HP: 24/24 MP: 2/2
   840 | D:1      | Reached XP level 3. HP: 27/29 MP: 3/3
  1439 | D:2      | Found a basalt altar of Yredelemnul.
  1448 | D:2      | Found a faded altar of an unknown god.
  1503 | D:2      | Reached skill level 4 in Armour
  1980 | D:2      | Reached XP level 4. HP: 35/37 MP: 4/4
  2268 | D:3      | Reached skill level 1 in Stealth
  3609 | D:4      | Reached XP level 5. HP: 33/42 MP: 5/5
  3831 | D:4      | Reached skill level 1 in Dodging
  4580 | D:4      | Reached skill level 5 in Armour
  4743 | D:4      | Noticed an ogre
  4768 | D:4      | Mangled by an ogre

Illustrated notes

Levels and vault maps discovered:
D:1:      dpeg_arrival_yet_another_circle, layout_basic, grunt_decor_junction
D:2:      layout_basic, hellmonk_ecumenical_altar_crossroads, basic_altar
D:3:      layout_rooms, serial_co_window_serial, co_window_paths_b,
          co_window_corner_a, co_window_corner_a, co_window_cross_1,
          co_window_paths_b, co_window_corner_b, co_window_broadway_c,
          co_window_of_opportunity_b, co_window_of_opportunity_b,
          co_window_broadway_c, hangedman_decor_peaks_small, dk_noncrumbling_4
D:4:      layout_rooms, nicolae_concentric_dashed_squares_wild,
          minmay_ogre_servants

Skill      XL: |  1  2  3  4  5 |
---------------+----------------+-----
Armour         | 4 5 |  5.0
Stealth        | 1 |  1.9
Fighting       | 4 |  4.1
Dodging        | 1 |  1.2
Long Blades    | |  2.1
Shields        | |  4.5

Action                   |  1- 3 |  4- 6 || total
-------------------------+-------+-------++-------
Melee: Long sword        |    75 |   145 ||   220
  Use: Scroll            |       |     5 ||     5
       Potion            |       |     1 ||     1
Armor: Scale mail        |    25 |    74 ||    99
Dodge: Dodged            |    39 |    93 ||   132
Block: Buckler           |    10 |    47 ||    57
